AoeStats
← Navix de los Bosques de Lituania

Arabia

504333662Analyzed
2v2 RM · 28d ago on Sep 4, 2026· 68m 6s· 4 players
Game mode
Random Map
Map size
Medium (4 player)
Population
200
Speed
Normal
Resources
Standard
Victory
Conquest
Starting age
Dark Age
Ending age
Imperial Age
RankedLock teamsTeams togetherTeam positionsShared explorationLock speedFull tech treeHidden civsTurbo modeCheats
Victory
Defeat
🇪🇸 Poles · Spain
692
+17
🇪🇸 Teutons · Spain
688
+18
🇨🇴 Spanish · Colombia
739
-18
713
-17
Dande1987
0:28 Loom
10:46 Feudal Age
11:38 Double-Bit Axe
11:37 Horse Collar
15:38 Stone Mining
17:24 Wheelbarrow
16:36 Town Watch
16:18 Man-at-Arms
17:07 Arson
24:47 Scale Mail Armor
25:09 Forging
27:33 Castle Age
27:46 Long Swordsman
29:33 Elite Skirmisher
29:47 Pikeman
33:10 Gambesons
33:25 Squires
35:22 Town Patrol
36:15 Iron Casting
36:46 Bow Saw
36:57 Gold Mining
37:40 Hand Cart
38:50 Stone Shaft Mining
38:32 Padded Archer Armor
38:24 Fletching
42:31 Imperial Age
44:23 Two-Man Saw
43:36 Heavy Plow
44:42 Bloodlines
44:01 Capped Ram
47:02 Chain Mail Armor
49:21 Hoardings
50:36 Guilds
50:12 Two-Handed Swordsman
50:20 Cavalier
59:13 Elite Teutonic Knight
61:18 Crenellations
61:20 Ironclad
60:31 Sappers
61:00 Paladin
63:16 Halberdier
63:18 Two-Handed Swordsman
65:40 Crop Rotation
vmjboxing
11:08 Feudal Age
11:35 Horse Collar
11:52 Double-Bit Axe
17:41 Man-at-Arms
20:47 Bloodlines
24:17 Castle Age
22:59 Forging
22:54 Scale Barding Armor
26:18 Light Cavalry
28:18 Wheelbarrow
29:18 Hand Cart
29:05 Heavy Plow
31:12 Husbandry
31:54 Loom
35:36 Iron Casting
36:16 Szlachta Privileges
40:05 Elite Skirmisher
43:25 Imperial Age
41:52 Fletching
42:40 Thumb Ring
44:20 Ballistics
44:01 Bodkin Arrow
44:07 Padded Archer Armor
46:36 Chemistry
45:42 Bracer
45:09 Cavalier
46:45 Town Watch
48:09 Town Patrol
48:25 Masonry
50:15 Bow Saw
50:50 Crop Rotation
53:10 Leather Archer Armor
54:11 Murder Holes
57:59 Winged Hussar
60:34 Blast Furnace
59:55 Chain Barding Armor
67:28 Lechitic Legacy
67:45 Conscription
Navix de los Bosques de Lituania
6:02 Loom
10:54 Feudal Age
16:10 Double-Bit Axe
22:09 Padded Archer Armor
22:44 Fletching
29:12 Castle Age
28:11 Forging
32:31 Crossbowman
34:23 Scale Mail Armor
36:18 Stone Mining
37:40 Bow Saw
40:49 Bodkin Arrow
43:51 Leather Archer Armor
45:09 Iron Casting
44:51 Chain Mail Armor
47:52 Masonry
53:31 Ballistics
57:06 Imperial Age
60:11 Horse Collar
61:32 Fervor
62:45 Chemistry
66:37 Blast Furnace
66:22 Ring Archer Armor
66:44 Bracer
Derzer
10:27 Feudal Age
14:42 Man-at-Arms
18:03 Scale Mail Armor
20:52 Forging
21:44 Wheelbarrow
22:56 Double-Bit Axe
22:52 Horse Collar
28:40 Castle Age
27:34 Bloodlines
27:32 Scale Barding Armor
27:45 Gold Mining
27:49 Stone Mining
33:29 Chain Barding Armor
33:12 Husbandry
35:48 Bow Saw
37:48 Stone Shaft Mining
41:48 Imperial Age
41:16 Heavy Plow
42:03 Iron Casting
43:24 Plate Barding Armor
43:50 Blast Furnace
43:56 Two-Man Saw
43:14 Elite Conquistador
45:34 Hoardings
58:37 Conscription
60:26 Cavalier
62:58 Paladin
Connection lost

Rejoining the realm…

Still unreachable

The connection could not be restored.

Session expired

The server has moved on; the page needs a fresh start.